 Dungeon Crawl Stone Soup version 0.21.0-3-g78d12a8 (webtiles) character file.

11396 taran the Zephyrmancer (level 11, -9/64 HPs)
             Began as a Tengu Air Elementalist on Jan 13, 2018.
             Was an Elder of Vehumet.
             Mangled by a death yak (20 damage)
             ... while paralysed
             ... on level 10 of the Dungeon on Jan 14, 2018.
             The game lasted 01:42:33 (10448 turns).

taran the Zephyrmancer (Tengu Air Elementalist)    Turns: 10448, Time: 01:42:34

Health: -9/64      AC: 13    Str: 10    XL:     11   Next: 77%
Magic:  16/19      EV:  2    Int: 18    God:    Vehumet [****..]
Gold:   554        SH:  0    Dex: 19    Spells: 10/20 levels left

rFire    . . .     SeeInvis .   w - +7 short sword "Xamiwe" {drain, rC+ Dex+5}
rCold    + . .     Gourm    .   (no shield)
rNeg     + . .     Faith    .   A - +2 ring mail {MR+}
rPois    .         Spirit   .   M - +2 hat
rElec    .         Reflect  .   G - +0 cloak
rCorr    .         Harm     .   i - +1 pair of gloves
MR       +....                  (boots unavailable)
Stlth    ++........             a - amulet of rage
HPRegen  0.20/turn              d - ring of positive energy
MPRegen  0.16/turn              (no ring)

@: paralysed, berserk cooldown, flying quickly and evasively, slowed, quick
A: beak, talons 3, able to fly 1
a: Renounce Religion, Evoke Berserk Rage


You were on level 10 of the Dungeon.
You worshipped Vehumet.
Vehumet was greatly pleased with you.
You were very hungry.

You visited 2 branches of the dungeon, and saw 11 of its levels.

You collected 554 gold pieces.

Inventory:

Hand Weapons
 v - the +3 dagger of the Inquisitive Seas {venom, Int+6}
   (You found it on level 4 of the Dungeon)

   It poisons the flesh of those it strikes.
   It affects your intelligence (+6).
 w - the +7 short sword "Xamiwe" (weapon) {drain, rC+ Dex+5}
   (You found it on level 4 of the Dungeon)

   A truly terrible weapon, it drains the life of those it strikes.
   It affects your dexterity (+5).
   It protects you from cold.
 K - a +1 trident of distortion
Missiles
 f - 8 javelins (quivered)
 u - 3 throwing nets
Armour
 i - a +1 pair of gloves (worn)
 A - a +2 ring mail of magic resistance (worn)
 G - a +0 cloak (worn)
 L - a +0 buckler
 M - a +2 hat (worn)
Jewellery
 a - an amulet of rage (around neck)
 d - a ring of positive energy (left hand)
 g - an uncursed amulet of guardian spirit
Wands
 k - a wand of disintegration (12)
 B - a wand of paralysis (13)
 C - a wand of iceblast (4)
 I - a wand of acid (14)
Scrolls
 h - 2 scrolls of enchant weapon
 j - a scroll of magic mapping {unknown}
 m - 5 scrolls of enchant armour
 n - 2 scrolls of teleportation {unknown}
 r - a scroll of fear {unknown}
 s - 2 scrolls of blinking {unknown}
 y - 2 scrolls of remove curse
 E - 2 scrolls of amnesia {unknown}
 J - a scroll of immolation {unknown}
Potions
 e - a potion of brilliance
 l - 2 potions of magic
 o - 7 potions of haste
 p - a potion of ambrosia
 q - 2 potions of heal wounds
 t - 2 potions of curing
 x - a potion of cancellation
 z - a potion of invisibility
 D - a potion of mutation
 F - a potion of might {unknown}
Books
 b - a book of Air

   Spells                             Type                      Level
   a - Shock                          Conjuration/Air              1
   b - Swiftness                      Charms/Air                   2
   c - Static Discharge               Conjuration/Air              3
   d - Airstrike                      Air                          4
   e - Lightning Bolt                 Conjuration/Air              5
Comestibles
 c - 21 rations
 H - 4 chunks of flesh


   Skills:
 - Level 6.0 Fighting
 + Level 5.2 Armour
 + Level 8.9 Dodging
 - Level 2.0 Stealth
 + Level 5.0 Spellcasting
 - Level 11.5 Conjurations
 + Level 12.4 Air Magic
 - Level 2.1 Earth Magic
 - Level 3.0 Evocations


You had 10 spell levels left.
You knew the following spells:

 Your Spells              Type           Power        Failure   Level  Hunger
a - Shock                 Conj/Air       ####         1%          1    None
b - Stone Arrow           Conj/Erth      ####..       1%          3    ##.....
c - Static Discharge      Conj/Air       #####...     1%          3    ##.....
s - Swiftness             Chrm/Air       ####....     3%          2    #......
z - Sting                 Conj/Pois      ####         1%          1    None


Dungeon Overview and Level Annotations

Branches:
Dungeon (10/15)            Temple (1/1) D:5            Lair (0/6) D:10
    Orc: D:9-12

Altars:
Ashenzari
Cheibriados
Dithmenos
Elyvilon
Fedhas
Gozag
Hepliaklqana
Kikubaaqudgha
Makhleb
Nemelex Xobeh
Okawaru
Qazlal
Ru
Sif Muna
Trog
Uskayaw
Vehumet
Wu Jian
Xom
Yredelemnul
Zin
The Shining One

Shops:
D:5 %

Annotations:
D:4 Monsterracer's ghost, novice NaTm
D:6 Monsterracer's ghost, novice MiCK


Innate Abilities, Weirdness & Mutations

You have a beak for a mouth.
You have claws for feet.
You can fly.


Message History

The death yak is lightly wounded.
The death yak gores you. The death yak gores you!
You take 12 damage, and have 53/96 hp.
You barely miss the death yak. You claw the death yak.
The death yak is moderately wounded.
You hit the death yak. You claw the death yak. You peck the death yak.
The death yak is moderately wounded.
The death yak closely misses you. The death yak gores you!!
* * * LOW HITPOINT WARNING * * *
You take 24 damage, and have 29/96 hp.
MASSIVE DAMAGE!!
There is an open door, spattered with blood here.
You feel a strong urge to attack something.
You are no longer berserk.
You pass out from exhaustion.
You feel yourself slow down. The death yak gores you!
* * * LOW HITPOINT WARNING * * *
The death yak gores you but does no damage.
The death yak gores you!!
You die...

#. #.## #..# ######.#######
###............# .##
..............(# ..#
...............# #.#
#............[.#### #.#
..............YY@.######### #.#
...............##....)..÷.###.##
......†........##########.)....##
#..#####+####### #####.... ...
#.### ... #.# .. #.# .. #.#
#############+###


You could see 2 death yaks.

Vanquished Creatures
  A death yak (D:10)
  7 two-headed ogres
  The ghost of Qupu the Skirmisher, a novice GnWn of Okawaru (D:5)
  A hippogriff (D:9)
  A wyvern (D:8)
  4 wraiths (D:7)
  2 hungry ghosts
  A water moccasin (D:6)
  2 orc warriors
  3 porcupines (D:10)
  2 black bears
  An ice beast (D:8)
  3 sky beasts
  An eye of draining (D:8)
  5 ogres
  A phantom (D:6)
  A necrophage (D:5)
  6 centaurs
  2 big kobolds (D:9)
  3 gnoll sergeants
  3 bullfrogs
  2 scorpions
  A troll zombie (D:7)
  5 killer bees (D:8)
  3 wights (D:7)
  3 howler monkeys (D:9)
  A jelly (D:10)
  2 crimson imps
  3 centaur zombies
  2 quasits
  2 bullfrog zombies
  A hound (D:8)
  5 orc wizards
  4 orc priests
  2 bullfrog skeletons
  2 centaur skeletons
  A human skeleton (D:7)
  2 human zombies (D:7)
  3 iguanas
  Terence (D:3)
  8 worker ants
  2 hound skeletons
  A worker ant zombie (D:7)
  17 gnolls
  7 adders
  2 river rats (D:10)
  4 shadow imps
  An adder skeleton (D:7)
  2 worms
  4 dart slugs
  4 leopard geckos
  31 orcs
  3 giant cockroaches
  2 goblins
  3 hobgoblins
  10 jackals
  9 quokkas
  2 bats (D:1)
  13 kobolds
  2 leopard gecko skeletons
  An orc skeleton (D:7)
  A quokka zombie (D:7)
  7 rats
232 creatures vanquished.

Notes
Turn   | Place    | Note
-------+----------+-------------------------------------------
     0 | D:1      | taran the Tengu Air Elementalist began the quest for the Orb.
     0 | D:1      | Reached XP level 1. HP: 10/10 MP: 4/4
   223 | D:1      | Reached XP level 2. HP: 15/15 MP: 3/6
  1323 | D:2      | Found a basalt altar of Yredelemnul.
  1517 | D:2      | Reached XP level 3. HP: 16/19 MP: 2/7
  1737 | D:3      | Noticed Terence
  2044 | D:3      | Learned a level 3 spell: Static Discharge
  2048 | D:3      | Learned a level 2 spell: Swiftness
  2141 | D:3      | Reached XP level 4. HP: 24/24 MP: 3/8
  2220 | D:3      | Reached skill level 1 in Fighting
  2713 | D:4      | Got a translucent dagger
  2719 | D:4      | Got an encrusted short sword
  2727 | D:4      | Identified the cursed +3 dagger of the Inquisitive Seas {venom, Int+6} (You found it on level 4 of the Dungeon)
  2787 | D:4      | Noticed Monsterracer's ghost (novice NaTm)
  3142 | D:4      | Gained mutation: You can fly. [Tengu growth]
  3142 | D:4      | Reached XP level 5. HP: 24/29 MP: 0/9
  3384 | D:3      | Killed Terence
  3384 | D:3      | Reached skill level 5 in Conjurations
  3384 | D:3      | Reached skill level 5 in Air Magic
  3384 | D:3      | Reached XP level 6. HP: 35/35 MP: 6/11
  3455 | D:5      | Entered Level 5 of the Dungeon
  3521 | D:5      | Found a staircase to the Ecumenical Temple.
  3544 | Temple   | Entered the Ecumenical Temple
  3767 | Temple   | Became a worshipper of Vehumet
  3857 | D:5      | Found Pygom's Food Shop.
  3928 | D:5      | Reached XP level 7. HP: 33/40 MP: 7/12
  4269 | D:5      | Noticed Qupu's ghost (novice GnWn)
  4285 | D:5      | Killed Qupu's ghost
  4285 | D:5      | Reached skill level 6 in Air Magic
  4285 | D:5      | Reached XP level 8. HP: 38/46 MP: 0/13
  5179 | D:6      | Reached skill level 5 in Dodging
  5203 | D:6      | Noticed Monsterracer's ghost (novice MiCK)
  5293 | D:6      | Reached skill level 7 in Air Magic
  5753 | D:6      | Reached * piety under Vehumet
  5753 | D:6      | Offered knowledge of Sting by Vehumet.
  5753 | D:6      | Reached XP level 9. HP: 41/53 MP: 10/14
  6011 | D:7      | Found an ancient bone altar of Kikubaaqudgha.
  6042 | D:7      | Learned a level 1 spell: Sting
  6062 | D:7      | Reached skill level 5 in Fighting
  6062 | D:7      | Reached skill level 8 in Air Magic
  6075 | D:7      | Reached skill level 1 in Evocations
  6401 | D:7      | Found an ornate altar of the Wu Jian Council.
  6500 | D:7      | Found an ancient bone altar of Kikubaaqudgha.
  6669 | D:7      | Offered knowledge of Freeze by Vehumet.
  6669 | D:7      | Reached skill level 9 in Air Magic
  6770 | D:7      | Reached ** piety under Vehumet
  7183 | D:8      | Identified the +7 short sword "Xamiwe" {drain, rC+ Dex+5} (You found it on level 4 of the Dungeon)
  7266 | D:8      | Reached skill level 1 in Armour
  7266 | D:8      | Reached XP level 10. HP: 36/59 MP: 13/15
  7553 | D:8      | Found a hazy altar of Hepliaklqana.
  7573 | D:8      | Reached skill level 10 in Conjurations
  7584 | D:8      | Reached skill level 10 in Air Magic
  8034 | D:8      | Offered knowledge of Stone Arrow by Vehumet.
  8369 | D:8      | Learned a level 3 spell: Stone Arrow
  8676 | D:8      | Noticed a two-headed ogre
  8700 | D:8      | Killed a two-headed ogre
  8700 | D:8      | Reached skill level 1 in Earth Magic
  8987 | D:9      | Noticed a two-headed ogre
  9065 | D:9      | Noticed a two-headed ogre
  9098 | D:9      | Killed a two-headed ogre
  9098 | D:9      | Reached skill level 11 in Air Magic
  9278 | D:9      | Reached *** piety under Vehumet
  9390 | D:9      | Offered knowledge of Inner Flame by Vehumet.
  9590 | D:9      | Killed a two-headed ogre
  9590 | D:9      | Reached XP level 11. HP: 64/64 MP: 11/17
  9804 | D:10     | Entered Level 10 of the Dungeon
  9833 | D:10     | Noticed a two-headed ogre
  9852 | D:10     | Killed a two-headed ogre
  9957 | D:10     | Noticed a two-headed ogre
  9966 | D:10     | Reached **** piety under Vehumet
 10108 | D:10     | Noticed a two-headed ogre
 10115 | D:10     | Killed a two-headed ogre
 10115 | D:10     | Reached skill level 12 in Air Magic
 10176 | D:10     | Noticed a two-headed ogre
 10199 | D:10     | Killed a two-headed ogre
 10293 | D:10     | Offered knowledge of Olgreb's Toxic Radiance by Vehumet.
 10323 | D:10     | Noticed a death yak
 10361 | D:10     | Found a staircase to the Lair.
 10367 | D:10     | Noticed a two-headed ogre
 10368 | D:10     | Noticed a death yak
 10368 | D:10     | Noticed a death yak
 10397 | D:10     | Killed a two-headed ogre
 10397 | D:10     | Reached skill level 5 in Armour
 10438 | D:10     | Killed a death yak
 10438 | D:10     | Reached skill level 5 in Spellcasting
 10448 | D:10     | Mangled by a death yak

Skill      XL: |  1  2  3  4  5  6  7  8  9 10 11 |
---------------+----------------------------------+-----
Conjurations   | 2 3 4 5 6 7 9 11 | 11.5
Fighting       | 1 2 3 4 5 6 |  6.0
Dodging        | 3 4 6 7 8 |  8.9
Air Magic      | 5 6 7 9 11 12 | 12.4
Spellcasting   | 3 5 |  5.0
Evocations     | 2 3 |  3.0
Armour         | 1 3 5 |  5.2
Earth Magic    | 2 |  2.1
Stealth        | |  2.0

Action                   |  1- 3 |  4- 6 |  7- 9 | 10-12 || total
-------------------------+-------+-------+-------+-------++-------
Melee: Dagger            |       |     5 |    69 |       ||    74
       Kick              |       |     1 |    15 |    48 ||    64
       Peck              |       |       |    12 |    26 ||    38
       Short sword       |       |       |     6 |   140 ||   146
Throw: Javelin           |       |       |     2 |     7 ||     9
 Cast: Shock             |    66 |    58 |   199 |   150 ||   473
       Sting             |       |       |     5 |    42 ||    47
       Static Discharge  |       |       |     4 |     4 ||     8
       Stone Arrow       |       |       |       |    10 ||    10
       Swiftness         |       |       |       |     1 ||     1
 Abil: Evoke Berserk Rag |       |     1 |     1 |     3 ||     5
       Fly               |       |       |     6 |     4 ||    10
Evoke: Wand              |       |       |       |     1 ||     1
  Use: Scroll            |       |     7 |     5 |     2 ||    14
       Potion            |       |       |     1 |       ||     1
 Stab: Sleeping          |       |       |       |     1 ||     1
  Eat: Chunk             |     5 |     2 |    12 |    15 ||    34
       Ration            |       |     1 |       |       ||     1
Armor: Robe              |     6 |     3 |       |       ||     9
       Ring mail         |       |     4 |    40 |    58 ||   102
       Skin              |       |       |     5 |       ||     5
Dodge: Dodged            |    11 |    18 |   105 |   122 ||   256
